 Dungeon Crawl Stone Soup version 0.18-a0-1811-g3a71842 (webtiles) character file.

93 Minkie the Covered (level 4, -2/42 HPs)
             Began as a Deep Dwarf Fighter on Apr 26, 2016.
             Killed by divine providence
             ... invoked by an orc priest
              (13 damage)
             ... on level 3 of the Dungeon.
             The game lasted 00:06:50 (2080 turns).

Minkie the Covered (Deep Dwarf Fighter)             Turns: 2080, Time: 00:06:52

Health: -2/42      AC: 12    Str: 19    XL:     4   Next: 36%
Magic:  5/5        EV:  5    Int:  9    God:
Gold:   215        SH:  9    Dex: 13    Spells: 0 memorised, 3 levels left

rFire  . . .     SeeInvis .     a - +0 flail
rCold  . . .     Gourm    .     p - +0 chain mail
rNeg   . . .     Faith    .     c - +0 shield
rPois  .         Spirit   .     s - +0 helmet
rElec  .         Dismiss  .     g - +1 cloak
rCorr  .         Reflect  .     (no gloves)
SustAt .         Harm     .     (no boots)
MR     .....                    (no amulet)
Stlth  ..........               (no ring)
                                (no ring)

@: non-regenerating, not resistant to hostile enchantments, extremely unstealthy
A: damage resistance, recharge devices, sense surroundings 1, slow regeneration
3
a: Device Recharging


You were on level 3 of the Dungeon.
You were not hungry.

You visited 1 branch of the dungeon, and saw 3 of its levels.

You collected 215 gold pieces.

Inventory:

Hand Weapons
 a - a +0 flail (weapon)
Armour
 b - a +0 scale mail
 c - a +0 shield (worn)
 g - a +1 cloak (worn)
 p - a +0 chain mail (worn)
 s - a +0 helmet (worn)
Jewellery
 k - an uncursed amulet of guardian spirit
Wands
 e - a wand of heal wounds (3/9)
Scrolls
 h - 2 scrolls of teleportation {unknown}
 j - a scroll of immolation {unknown}
 l - a scroll of fear {unknown}
 o - 8 scrolls of identify {unknown}
 q - 3 scrolls of noise {unknown}
 u - a scroll of random uselessness {unknown}
 v - a scroll of remove curse {unknown}
 w - a scroll of blinking {unknown}
Potions
 d - a potion of curing {unknown}
 r - 2 potions of resistance {unknown}
 t - a potion of heal wounds {unknown}
Comestibles
 f - 3 bread rations
 i - a slice of pizza
 m - 5 chunks of flesh
 n - a meat ration
 x - a beef jerky


   Skills:
 - Level 3.0 Fighting
 * Level 3.0 Maces & Flails
 - Level 4.0 Armour
 + Level 3.8 Shields
 + Level 1.6 Evocations


You had 3 spell levels left.
You didn't know any spells.

Dungeon Overview and Level Annotations

Branches:
Dungeon (3/15)

Altars:
Elyvilon


Innate Abilities, Weirdness & Mutations

You are resistant to damage.
You can recharge devices by infusing magical energy.
You passively map a small area around you.
You do not regenerate naturally.


Message History

You block the orc's attack.
You closely miss the orc priest.
The orc priest is heavily wounded.
The orc priest looks braver for a moment.
You block the orc's attack.
The orc priest hits you but does no damage.
The orc hits you but does no damage.
Unknown command.
You barely miss the orc priest.
The orc priest is heavily wounded.
The orc hits you but does no damage.
The orc priest hits you but does no damage.
The orc hits you but does no damage. x2
You hit the orc priest.
The orc priest is severely wounded.
The orc priest hits you with a hand axe.
The orc hits you but does no damage. You block the orc's attack.
The orc priest calls down the wrath of Beogh upon you.
Beogh smites you!
You die...

, *
#..........#####
#......#.§## *
#......#.§# *
#.....#.§.# *
#.###§...≈# ≈≈* ,,
* ..,* ##..≈≈#≈ ,,
, .. #####..≈≈§§#
≈ ,
#.#####o.....≈≈###
* *
.....oo@......≈# ,
#.#####o.......# ,
,* #######..# ..#*
* * , ###*, , * *
, , , , , , * ,


You could see 2 orc priests and 2 orcs.

Vanquished Creatures
  A gnoll (D:1)
  Robin (D:2)
  2 worms (D:2)
  A dart slug (D:1)
  An orc (D:3)
  A giant cockroach (D:2)
  17 goblins
  7 hobgoblins
  4 jackals (D:1)
  4 quokkas
  5 bats
  6 giant newts
  4 kobolds (D:1)
  3 rats
57 creatures vanquished.

Vanquished Creatures (others)
  A quokka (D:2)
1 creature vanquished.

Grand Total: 58 creatures vanquished

Notes
Turn   | Place    | Note
--------------------------------------------------------------
     0 | D:1      | Minkie the Deep Dwarf Fighter began the quest for the Orb.
     0 | D:1      | Reached XP level 1. HP: 20/20 MP: 1/1
   145 | D:1      | Reached XP level 2. HP: 20/27 MP: 2/2
   948 | D:1      | Reached XP level 3. HP: 18/34 MP: 0/3
  1382 | D:2      | Noticed Robin
  1396 | D:2      | Killed Robin
  1405 | D:2      | Reached skill level 1 in Evocations
  1447 | D:2      | Found a white marble altar of Elyvilon.
  1473 | D:2      | Reached XP level 4. HP: 24/42 MP: 4/4
  1649 | D:2      | Reached skill level 4 in Armour
  2080 | D:3      | Killed from afar by an orc priest

Vault maps used:
D:1:      minmay_arrival_cross, st_stairs_10
D:2:      first_bread, elyvilon_altar_4, uniq_robin
D:3:      lemuel_another_geyser

Skill      XL: |  1  2  3  4 |
---------------+-------------+-----
Fighting       | 3 |  3.0
Evocations     | 1 |  1.6
Armour         | 4 |  4.0
Maces & Flails | 3 |  3.0
Shields        | |  3.8

Action                   |  1- 3 |  4- 6 || total
-------------------------+-------+-------++-------
Melee: Flail             |   150 |    87 ||   237
Evoke: Wand              |     1 |     1 ||     2
  Use: Potion            |     1 |       ||     1
  Eat: Chunk             |     2 |     2 ||     4
Armor: Scale mail        |    29 |       ||    29
       Chain mail        |    40 |    48 ||    88
Dodge: Dodged            |    39 |    17 ||    56
Block: Shield            |    90 |    56 ||   146
